 Dungeon Crawl Stone Soup version 0.28.0-47-ge53b351184 (webtiles) character file.

Game seed: 10296214876054380766

2725 warriortoast the Fighter (level 9, -11/133 HPs)
             Began as a Minotaur Fighter on May 10, 2022.
             Was a Follower of Trog.
             Mangled by a boulder beetle (12 damage)
             ... on level 7 of the Dungeon.
             The game lasted 00:13:55 (5927 turns).

warriortoast the Fighter (Minotaur Fighter)         Turns: 5927, Time: 00:13:55

Health: -11/133    AC: 31    Str: 25    XL:     9   Next: 40%
Magic:  8/8        EV:  2    Int:  5    God:    Trog [*.....]
Gold:   222        SH:  4    Dex: 10    Spells: 8/8 levels left

rFire   . . .      SeeInvis .   w - +4 flail (protect)
rCold   . . .      Faith    .   c - +0 buckler
rNeg    . . .      Spirit   .   (armour currently unavailable)
rPois   +          Reflect  .   (helmet currently unavailable)
rElec   .          Harm     .   (cloak currently unavailable)
rCorr   .          Rampage  .   (gloves currently unavailable)
Will    .....      NoTele   +   (boots currently unavailable)
Stlth   +.........              (no amulet)
HPRegen 0.32/turn               (no ring)
MPRegen 0.11/turn               (no ring)

@: tree-form, under a protective aura
A: stationary, stasis, torment immunity, boosted hp, (horns 2), (retaliatory
headbutt)
a: Renounce Religion, Berserk


You were on level 7 of the Dungeon.
You worshipped Trog.
Trog was aware of your devotion.
You were a tree.
You visited 1 branch of the dungeon, and saw 7 of its levels.

You collected 332 gold pieces.
You spent 110 gold pieces at shops.

Inventory:

Hand Weapons
 a - a +0 war axe
 w - a +4 flail of protection (weapon)
Missiles
 y - 3 throwing nets (quivered)
Armour
 b - a +0 scale mail
 c - a +0 buckler (worn)
 g - a +0 plate armour (melded)
 m - a +0 cloak (melded)
Jewellery
 h - a +4 ring of slaying
 x - a ring of protection from cold
 A - a ring of willpower
 D - a ring of protection from cold
 G - a ring of poison resistance
Wands
 f - a wand of polymorph (6)
 H - a wand of flame (10)
Scrolls
 d - a scroll of immolation {unknown}
 e - 2 scrolls of teleportation {unknown}
 i - 2 scrolls of magic mapping {unknown}
 k - a scroll of amnesia {unknown}
 l - 3 scrolls of fear {unknown}
 q - 2 scrolls of blinking {unknown}
 z - 4 scrolls of identify
 C - 2 scrolls of vulnerability {unknown}
Potions
 j - 3 potions of degeneration
 n - a potion of resistance
 o - a potion of cancellation
 r - a potion of haste {unknown}
 s - 2 potions of curing {unknown}
 t - a potion of brilliance {unknown}
 u - a potion of berserk rage {unknown}
 v - 2 potions of attraction
 B - a potion of mutation
 E - a potion of heal wounds
 F - a potion of magic {unknown}


   Skills:
 + Level 11.5 Fighting
 - Level 6.1(8.5) Axes
 + Level 9.3(10.1) Maces & Flails
 - Level 3.6 Armour
 - Level 3.6 Shields


You had 8 spell levels left.
You didn't know any spells.
Your spell library contained the following spells:

 Spells                   Type           Power      Damage    Failure   Level
 Animate Skeleton         Necr           0%         N/A       56%         1
 Apportation              Tloc           0%         N/A       56%         1
 Summon Small Mammal      Summ           0%         N/A       56%         1
 Sublimation of Blood     Necr           0%         N/A       71%         2
 Call Canine Familiar     Summ           0%         N/A       91%         3
 Portal Projectile        Hex/Tloc       0%         N/A       91%         3
 Leda's Liquefaction      Hex/Erth       0%         N/A       100%        4
 Petrify                  Tmut/Erth      0%         N/A       100%        4
 Alistair's Intoxication  Tmut/Pois      0%         N/A       100%        5
 Irradiate                Conj/Tmut      0%         3d14      100%        5


Dungeon Overview and Level Annotations

Branches:
Dungeon (7/15)             Temple (0/1) D:7

Altars:
Cheibriados
Fedhas
Kikubaaqudgha
Makhleb
Trog

Shops:
D:5 ![[[


Innate Abilities, Weirdness & Mutations

You are a tree.
Your roots penetrate the ground, keeping you stationary.
You cannot be teleported.
You are immune to unholy pain and torment.
Your maximum health is greatly increased.
Your equipment is partially melded.
((You have a pair of horns on your head.))
((You reflexively headbutt those who attack you in melee.))


Message History

Your +0 cloak unmelds from your body.
Your +0 plate armour unmelds from your body.
The boulder beetle leaps!
Okay, then.
Okay, then.
You feel yourself speed up.
The boulder beetle leaps!
A sky beast comes into view.
The sky beast moves out of view.
The sky beast flickers out of sight!
Deactivating autopickup; reactivate with Ctrl-A.
You recover from your berserk rage.
Something hits you but does no damage.
You miss something. Your headbutt misses something.
You block the boulder beetle's attack. Something hits you but does no damage.
You barely miss something. Your headbutt misses something.
The boulder beetle bites you!!
* * * LOW HITPOINT WARNING * * *
Something hits you but does no damage.
You closely miss something.
The boulder beetle bites you but does no damage.
A sky beast appears from thin air!
Reactivating autopickup.
The sky beast hits you.
* * * LOW HITPOINT WARNING * * *
The sky beast shocks you.
* * * LOW HITPOINT WARNING * * *
Really quaff the potion of lignification?
You turn into a tree.
Your +0 cloak melds into your body.
Your +0 plate armour melds into your body.
Your roots penetrate the ground.
You block the boulder beetle's attack. The sky beast hits you.
* * * LOW HITPOINT WARNING * * *
The sky beast shocks you.
* * * LOW HITPOINT WARNING * * *
You thump the sky beast!
Your weapon exudes an aura of protection.
The sky beast is moderately wounded.
The boulder beetle bites you!
You die...

###......###.# ##.##
#...........####.######
#.....#.#####...........
#.....#..## #.##..#.###.
#.....<...# #.##..#.##
#........## #.##.....#
##...<....# #.###.#..##.#
#########.# #.###.......#
######....# #.B♣Y....##
...##.....##########.#....
##...........# .# #
#####.....##.# # #
#.....##.# # #.######.##
#.##......# ###.##.###..#
#......##...#


You could see a boulder beetle and a sky beast.

Vanquished Creatures
  Harold (D:7)
  Sigmund (D:5)
  Edmund (D:4)
  A water moccasin (D:6)
  A sky beast (D:5)
  A necrophage (D:5)
  2 ogres
  A centaur (D:5)
  2 kobold brigands (D:7)
  A bullfrog (D:7)
  Blork the orc (D:6)
  A water moccasin zombie (D:6)
  2 scorpions
  A wyvern zombie (D:5)
  A howler monkey (D:7)
  A bullfrog zombie (D:5)
  A centaur zombie (D:6)
  A gnoll shaman (D:5)
  3 centaur skeletons
  A hound (D:5)
  2 orc priests
  A jelly (D:5)
  A bullfrog skeleton (D:6)
  Jessica (D:3)
  3 iguanas
  3 orc wizards
  A hound skeleton (D:4)
  4 adders
  11 gnolls
  A howler monkey skeleton (D:7)
  2 white imps
  2 ufetubi
  A worm (D:2)
  A dart slug (D:5)
  17 orcs
  9 ball pythons
  2 endoplasms (D:2)
  4 giant cockroaches
  4 goblins
  6 hobgoblins
  4 jackals (D:5)
  18 kobolds
  4 quokkas
  7 bats
  5 frilled lizards
  6 rats
  A bush (D:1)
146 creatures vanquished.

Vanquished Creatures (others)
  7 plants (D:1)
7 creatures vanquished.

Grand Total: 153 creatures vanquished

Notes
Turn   | Place    | Note
-------+----------+-------------------------------------------
     0 | D:1      | warriortoast the Minotaur Fighter began the quest for the
                  | Orb.
     0 | D:1      | Reached XP level 1. HP: 19/19 MP: 0/0
     2 | D:1      | Found a faded altar of an unknown god.
   165 | D:1      | Reached skill level 4 in Fighting
   228 | D:1      | Reached XP level 2. HP: 27/27 MP: 1/1
  1123 | D:2      | Reached XP level 3. HP: 34/34 MP: 2/2
  1961 | D:3      | Reached skill level 5 in Fighting
  1961 | D:3      | Reached XP level 4. HP: 36/42 MP: 3/3
  2219 | D:3      | Found a burning altar of Makhleb.
  2219 | D:3      | Noticed a balrug
  2247 | D:3      | Noticed Jessica
  2249 | D:3      | Killed Jessica
  2389 | D:4      | Noticed an ogre
  2394 | D:4      | Killed an ogre
  2395 | D:4      | Reached skill level 5 in Axes
  2395 | D:4      | Reached XP level 5. HP: 26/50 MP: 4/4
  2711 | D:4      | Reached skill level 6 in Fighting
  2764 | D:4      | Noticed Edmund
  3033 | D:4      | Killed Edmund
  3034 | D:4      | Reached XP level 6. HP: 49/58 MP: 5/5
  3252 | D:4      | Found a bloodstained altar of Trog.
  3426 | D:4      | Found a blossoming altar of Fedhas.
  3447 | D:4      | Became a worshipper of Trog the Wrathful
  3480 | D:5      | Entered Level 5 of the Dungeon
  3599 | D:5      | Reached skill level 1 in Maces & Flails
  3600 | D:5      | Reached skill level 7 in Fighting
  3610 | D:5      | Reached XP level 7. HP: 60/66 MP: 6/6
  3800 | D:5      | Found Narudgh's Antique Armour Shop.
  3879 | D:5      | Found Camp's Distillery.
  3892 | D:5      | Bought a potion of mutation for 80 gold pieces
  3892 | D:5      | Bought a potion of lignification for 30 gold pieces
  3928 | D:5      | Reached skill level 8 in Fighting
  4064 | D:5      | Found Kaeh Mef's Antique Armour Shop.
  4096 | D:5      | Found an ancient bone altar of Kikubaaqudgha.
  4107 | D:5      | Found Fol Zun's Antique Armour Boutique.
  4140 | D:5      | Noticed Sigmund
  4155 | D:5      | Killed Sigmund
  4156 | D:5      | Reached skill level 5 in Maces & Flails
  4156 | D:5      | Reached XP level 8. HP: 63/75 MP: 7/7
  4332 | D:5      | Reached skill level 9 in Fighting
  4623 | D:6      | Noticed Blork the orc
  4628 | D:6      | Killed Blork the orc
  4628 | D:6      | Reached * piety under Trog
  4722 | D:6      | Reached skill level 10 in Fighting
  5117 | D:6      | Found a snail-covered altar of Cheibriados.
  5192 | D:7      | Noticed Harold
  5207 | D:7      | Killed Harold
  5208 | D:7      | Reached skill level 11 in Fighting
  5208 | D:7      | Reached XP level 9. HP: 51/89 MP: 8/8
  5734 | D:7      | Found a staircase to the Ecumenical Temple.
  5866 | D:7      | Noticed a boulder beetle
  5926 | D:7      | HP: 1/133 [sky beast (6)]
  5927 | D:7      | Mangled by a boulder beetle

Illustrated notes

Levels and vault maps discovered:
D:1:      dpeg_arrival_short_road, layout_loops_ring, basic_ecumenical_altar,
          serial_forest, infiniplex_forest_lined_2,
          infiniplex_forest_lined_room_3, infiniplex_forest_clump_long,
          infiniplex_forest_split, infiniplex_forest_clump_long,
          infiniplex_forest_clump_curved, infiniplex_forest_lined_3
D:2:      layout_basic
D:3:      layout_basic, makhleb_altar_promises_db, kennysheep_jessica_study
D:4:      layout_loops_ring, general_overflow_altar, trog_hazing_becter,
          uniq_edmund
D:5:      layout_loops_cross, nicolae_kikubaaqudgha_miasma_corner, serial_shops,
          nicolae_diamond_shop, shop, nicolae_shop_trees, kennysheep_little_box,
          kennysheep_path_1, uniq_sigmund
D:6:      layout_rooms, cheibriados_altar_1, uniq_blork_the_orc
D:7:      layout_loops_cross, minmay_temple_entry_offerings, uniq_harold

Skill      XL: |  1  2  3  4  5  6  7  8 |
---------------+-------------------------+-----
Fighting       | 4 5 6 7 8 11 | 11.5
Axes           | 3 4 5 6 |  6.1
Maces & Flails | 2 5 9 |  9.3
Armour         | |  3.6
Shields        | |  3.6

Action                   |  1- 3 |  4- 6 |  7- 9 || total
-------------------------+-------+-------+-------++-------
Melee: War axe           |   128 |    70 |       ||   198
       Headbutt          |    31 |    14 |    37 ||    82
       Unarmed           |       |     6 |       ||     6
       Flail             |       |    25 |   190 ||   215
Throw: Throwing net      |       |       |     1 ||     1
Invok: Berserk           |       |       |     3 ||     3
  Use: Potion            |       |     1 |     2 ||     3
       Scroll            |       |     4 |       ||     4
 Stab: Held in net/web   |       |       |     1 ||     1
Armor: Scale mail        |     3 |       |       ||     3
       Plate armour      |    43 |    54 |   113 ||   210
       Skin              |       |    16 |    12 ||    28
Dodge: Dodged            |    29 |    26 |    50 ||   105
Block: Buckler           |    17 |    26 |    31 ||    74
